 Dungeon Crawl Stone Soup version 0.24.0-125-gc4c63601f3 (webtiles) character file.

Game seed: 15177871136163692093, levelgen mode: deterministic

114 loralnil the Sneak (level 4, 0/24 HPs)
             Began as a Vine Stalker Monk on Feb 2, 2020.
             Slain by an orc wizard
             ... wielding a +0 dagger
              (4 damage)
             ... on level 4 of the Dungeon on Mar 14, 2020.
             The game lasted 00:06:13 (2613 turns).

loralnil the Sneak (Vine Stalker Monk)              Turns: 2613, Time: 00:06:13

Health: 0/24       AC:  4    Str: 15    XL:     4   Next: 98%
Magic:  0/5        EV: 13    Int: 10    God:
Gold:   124        SH:  0    Dex: 16    Spells: 3/3 levels left

rFire    . . .     SeeInvis .     - Unarmed
rCold    . . .     Gourm    .   (no shield)
rNeg     . . .     Faith    .   a - +1 robe
rPois    .         Spirit   +   (no helmet)
rElec    .         Reflect  .   (no cloak)
rCorr    .         Harm     .   j - +0 pair of gloves
MR       .....                  (no boots)
Stlth    +++.......             (no amulet)
HPRegen  0.48/turn              f - ring of flight
MPRegen  0.09/turn              (no ring)

@: no status effects
A: fangs 2, regeneration 1, magic shield, antimagic bite, no potion heal 3, rot
immunity
a: Evoke Flight


You were on level 4 of the Dungeon.
You were not hungry.

You visited 1 branch of the dungeon, and saw 6 of its levels.

You collected 124 gold pieces.

Inventory:

Armour
 a - a +1 robe (worn)
 j - a +0 pair of gloves (worn)
Jewellery
 f - a ring of flight (left hand)
Scrolls
 d - a scroll of remove curse
 k - a scroll of fog
Potions
 c - a potion of agility {unknown}
 e - 2 potions of magic {unknown}
 g - a potion of brilliance
 h - a potion of lignification {unknown}
 l - a potion of cancellation {unknown}
Comestibles
 b - 4 rations
 i - 3 chunks of flesh


   Skills:
 + Level 3.4 Fighting
 + Level 3.1 Dodging
 + Level 3.8 Stealth
 + Level 3.7 Unarmed Combat


You had 3 spell levels left.
You didn't know any spells.
Your spell library was empty.

Dungeon Overview and Level Annotations

Branches:
Dungeon (6/15)
 Temple: D:4-7

Altars:

Shops:
D:4 *   D:6 [

Annotations:
D:6 Edmund


Innate Abilities, Weirdness & Mutations

You have extremely sharp teeth.
Your natural rate of healing is unusually fast.
When hurt, damage is shared between your health and your magic reserves.
Your bite disrupts and absorbs the magic of your enemies.
Potions cannot restore your health.
You are immune to rotting.


Message History

The orc shouts!
The orc wizard casts a spell.
The orc wizard flickers and vanishes!
Deactivating autopickup; reactivate with Ctrl-A.
The orc wizard mumbles some strange words.
The orc wizard seems to speed up.
The orc wizard casts a spell.
The orc wizard flickers and vanishes!
Found 19 bolts.
The orc wizard gestures at you while chanting.
The puff of flame hits you!
* * * LOW HITPOINT WARNING * * *
The orc wizard casts a spell at you. The puff of flame hits you.
* * * LOW HITPOINT WARNING * * *
Found a blackened ivory wand.
You punch the orc wizard!
The orc wizard is heavily wounded.
The orc wizard hits you with a +0 dagger.
You die...

#.#
#####o#(#####.
#.............
#o###.....####
#.# #....##8..
#o# #.#..#....
#.# #....#....
#.#####..#....
#.o.o@...#h...
########.#....
#.... .... 8./
## .


You could see an orc wizard, an orc and a jackal.

Vanquished Creatures
  6 adders
  An ooze (D:3)
  4 dart slugs
  6 orcs (D:3)
  A ball python (D:5)
  3 giant cockroaches
  2 goblins (D:3)
  5 hobgoblins
  7 bats
  3 frilled lizards
  4 kobolds
  3 rats
45 creatures vanquished.

Notes
Turn   | Place    | Note
-------+----------+-------------------------------------------
     0 | D:1      | loralnil the Vine Stalker Monk began the quest for the Orb.
     0 | D:1      | Reached XP level 1. HP: 11/11 MP: 2/2
   254 | D:1      | Reached XP level 2. HP: 6/16 MP: 1/3
  1333 | D:2      | Reached XP level 3. HP: 14/20 MP: 1/4
  1695 | D:2      | You fall into a shaft and drop 1 floor!
  1724 | D:3      | Upgraded the game from 0.24.0-123-gd5b16e6ec5 to
                  | 0.24.0-125-gc4c63601f3
  1993 | D:3      | Gained mutation: Your natural rate of healing is unusually
                  | fast. [Vine Stalker growth]
  1993 | D:3      | Reached XP level 4. HP: 23/24 MP: 5/5
  2256 | D:3      | You fall into a shaft and drop 3 floors!
  2290 | D:6      | Noticed Edmund
  2331 | D:6      | HP: 1/24 [Edmund/+5 flail of protection (9)]
  2368 | D:6      | Found Gyurunn's Armour Shop.
  2396 | D:6      | Noticed an orc warrior
  2451 | D:5      | Entered Level 5 of the Dungeon
  2590 | D:4      | Found Xeduxim's General Store.
  2613 | D:4      | Slain by an orc wizard

Levels and vault maps discovered:
D:1:      nicolae_arrival_somewhat_less_tricky_arrival, layout_basic
D:2:      layout_basic, old_standard_altar, marbit_many_paths, uniq_terence
D:3:      layout_loops_ring, grunt_ministairs_7, kennysheep_potato
D:4:      minmay_evil_eye, layout_loops_corners, lightli_temple_of_fire,
          yredelemnul_forgotten_temple_becter, gammafunk_ghost_arena,
          serial_shops, kennysheep_little_box, shop, shop,
          hangedman_glass_garden, kennysheep_flooded_box, uniq_pikel,
          uniq_robin, uniq_sigmund
D:5:      layout_gridville, temple_statues, first_ration, tgw_kikubaaqudgha
D:6:      layout_rooms, serial_shops, shop, supply_closet_lemuel, uniq_edmund

Skill      XL: |  1  2  3  4 |
---------------+-------------+-----
Fighting       | 3 |  3.4
Stealth        | 3 |  3.8
Dodging        | 3 |  3.1
Unarmed Combat | |  3.7

Action                   |  1- 3 |  4- 6 || total
-------------------------+-------+-------++-------
Melee: Unarmed           |   107 |    80 ||   187
       Bite              |    23 |    23 ||    46
       Punch             |     3 |     1 ||     4
  Use: Scroll            |       |     4 ||     4
 Stab: Sleeping          |     5 |     3 ||     8
  Eat: Chunk             |     3 |     2 ||     5
Armor: Robe              |    17 |    21 ||    38
Dodge: Dodged            |    70 |    67 ||   137
